TOP OF THE 1ST |
Portland Sea Dogs batting - Pitching for Trenton Thunder : RHP Devon Wiley
|
Pitching: RHP Devon Wiley
|
|
Batting: LHB Julian Toney
|
0-0: Ball 1-0: Ball 2-0: SINGLE (Line Drive, 78S, EV 89.4 MPH)
|
Batting: LHB John Buff
|
0-0: Fly out, F7 (Flyball, 7LM, EV 94.4 MPH) Runner from 1st tags up, SAFE at 2nd
|
Batting: RHB Jose Diaz
|
0-0: Foul Ball, location: 2F 0-1: Foul Ball, location: 2F 0-2: SINGLE (Groundball, 25, EV 75.0 MPH) (infield hit) Julian Toney to third
|
Batting: LHB Jarrett Mordecai
|
0-0: Foul Ball, location: 2F 0-1: Ball 1-1: Swinging Strike 1-2: Fly out, F9 (Flyball, 89M, EV 89.4 MPH) Runner from 3rd tags up, SCORES, throw by RF
|
Batting: LHB Noel Young
|
0-0: Ball 1-0: Ball Jose Diaz steals 2nd base 2-0: SINGLE (Line Drive, 9S, EV 86.2 MPH) Jose Diaz to third Runner from 3rd tries for Home, throw by RF and OUT! 9-2
|
Top of the 1st over - 1 run, 3 hits, 0 errors, 1 left on base; Portland 1 - Trenton 0 |
BOTTOM OF THE 1ST |
Trenton Thunder batting - Pitching for Portland Sea Dogs : RHP Jon Olivo
|
Pitching: RHP Jon Olivo
|
|
Batting: RHB Tim Osborn
|
0-0: Fly out, F9 (Flyball, 9S, EV 86.9 MPH)
|
Batting: LHB Bobby Upton
|
0-0: Foul Ball, location: 2F 0-1: Ball 1-1: Ball 2-1: SINGLE (Line Drive, 56, EV 103.8 MPH)
|
Batting: RHB Jose Tovar
|
0-0: Called Strike Bobby Upton steals 2nd base 0-1: Fly out, F9 (Flyball, 9, EV 94.4 MPH)
|
Batting: RHB Larry Martell
|
0-0: Ball 1-0: Fly out, F9 (Flyball, 89D, EV 76.9 MPH)
|
Bottom of the 1st over - 0 runs, 1 hit, 0 errors, 1 left on base; Portland 1 - Trenton 0 |
TOP OF THE 2ND |
Portland Sea Dogs batting - Pitching for Trenton Thunder : RHP Devon Wiley
|
Batting: RHB Tommy Boudreaux
|
0-0: Swinging Strike 0-1: SINGLE (Groundball, 4S, EV 67.5 MPH) (infield hit)
|
Batting: RHB Frank Sokolosky
|
0-0: Called Strike 0-1: SINGLE (Flyball, 8RS, EV 96.2 MPH) Tommy Boudreaux to second
|
Batting: LHB Stanislav Parusov
|
0-0: Fielders Choice at 2nd, 6-4 (Groundball, 6, EV 100.0 MPH) Tommy Boudreaux to third
|
Batting: RHB Nick Cottrell
|
0-0: Foul Ball, location: 2F 0-1: Foul Ball, location: 2F 0-2: Ball 1-2: Foul Ball, location: 2F 1-2: Ball 2-2: Strikes out swinging
|
Batting: LHB Julian Toney
|
0-0: Called Strike 0-1: SINGLE (Line Drive, 56D, EV 106.2 MPH) Tommy Boudreaux scores Stanislav Parusov to second
|
Batting: LHB John Buff
|
0-0: Called Strike 0-1: Ball 1-1: Ground out U3 (Groundball, 3, EV 105.6 MPH)
|
Top of the 2nd over - 1 run, 3 hits, 0 errors, 2 left on base; Portland 2 - Trenton 0 |
BOTTOM OF THE 2ND |
Trenton Thunder batting - Pitching for Portland Sea Dogs : RHP Jon Olivo
|
Batting: SHB David Stewart
|
0-0: Ball 1-0: Fly out, F4 (Flyball, 4D, EV 93.8 MPH)
|
Batting: RHB Sam Hubbert
|
0-0: Ball 1-0: Foul Ball, location: 2F 1-1: Fly out, F9 (Flyball, 9LSF, EV 92.5 MPH)
|
Batting: RHB Dale Altman
|
0-0: Fly out, F4 (Popup, 34, EV 51.9 MPH)
|
Bottom of the 2nd over - 0 runs, 0 hits, 0 errors, 0 left on base; Portland 2 - Trenton 0 |
TOP OF THE 3RD |
Portland Sea Dogs batting - Pitching for Trenton Thunder : RHP Devon Wiley
|
Batting: RHB Jose Diaz
|
0-0: Ball 1-0: Called Strike 1-1: Ball 2-1: Foul Ball, location: 2F 2-2: Ball 3-2: SINGLE (Flyball, 4MD, EV 94.4 MPH)
|
Batting: LHB Jarrett Mordecai
|
0-0: 2-RUN HOME RUN (Flyball, 9LD, EV 93.8 MPH), Distance : 358 ft
|
Batting: LHB Noel Young
|
0-0: Ball 1-0: Ball 2-0: Called Strike 2-1: Foul Ball, location: 2F 2-2: Ball 3-2: Foul Ball, location: 2F 3-2: DOUBLE (Line Drive, 7LM, EV 109.4 MPH)
|
Batting: RHB Tommy Boudreaux
|
0-0: Swinging Strike 0-1: Foul Ball, location: 2F 0-2: Ball 1-2: DOUBLE (Flyball, 89XD, EV 93.8 MPH) Noel Young scores
|
Batting: RHB Frank Sokolosky
|
0-0: Ball 1-0: Called Strike 1-1: Fly out, F8 (Line Drive, 8RD, EV 103.1 MPH)
|
Batting: LHB Stanislav Parusov
|
0-0: Called Strike 0-1: Ball 1-1: Ball 2-1: Foul Ball, location: 2F 2-2: Foul Ball, location: 2F 2-2: Ground out U3 (Groundball, 3L, EV 81.2 MPH) Tommy Boudreaux to third
|
Pitching: RHP Jimmy Wilder
|
|
Batting: RHB Nick Cottrell
|
0-0: Called Strike 0-1: DOUBLE (Line Drive, 7LS, EV 105.6 MPH) Tommy Boudreaux scores
|
Batting: LHB Julian Toney
|
0-0: Ball 1-0: Ball 2-0: Ball 3-0: Called Strike 3-1: Foul Ball, location: 2F 3-2: Foul Ball, location: 2F 3-2: Base on Balls
|
Batting: LHB John Buff
|
0-0: Foul Ball, location: 2F 0-1: Ball 1-1: Called Strike 1-2: Strikes out swinging
|
Top of the 3rd over - 4 runs, 5 hits, 0 errors, 2 left on base; Portland 6 - Trenton 0 |
BOTTOM OF THE 3RD |
Trenton Thunder batting - Pitching for Portland Sea Dogs : RHP Jon Olivo
|
Batting: RHB Javier Umanzor
|
0-0: Called Strike 0-1: Called Strike 0-2: Ball 1-2: Fly out, F6 (Popup, 6MD, EV 66.2 MPH)
|
Batting: RHB Roberto Tena
|
0-0: Called Strike 0-1: Ball 1-1: Swinging Strike 1-2: Foul Ball, location: 2F 1-2: Ball 2-2: Foul Ball, location: 2F 2-2: Foul Ball, location: 2F 2-2: Ball 3-2: Strikes out looking
|
Batting: RHB Tim Osborn
|
0-0: Foul Ball, location: 2F 0-1: Ball 1-1: Foul Ball, location: 2F 1-2: Foul Ball, location: 2F 1-2: SOLO HOME RUN (Flyball, 7D, EV 110.0 MPH), Distance : 399 ft
|
Batting: LHB Bobby Upton
|
0-0: Ground out 2-3 (Groundball, 2L, EV 72.5 MPH)
|
Bottom of the 3rd over - 1 run, 1 hit, 0 errors, 0 left on base; Portland 6 - Trenton 1 |
TOP OF THE 4TH |
Portland Sea Dogs batting - Pitching for Trenton Thunder : RHP Jimmy Wilder
|
Batting: RHB Jose Diaz
|
0-0: Ground out 1-3 (Groundball, 15S, EV 68.8 MPH)
|
Batting: LHB Jarrett Mordecai
|
0-0: Ball 1-0: Called Strike 1-1: Swinging Strike 1-2: SOLO HOME RUN (Flyball, 89XD, EV 112.5 MPH), Distance : 431 ft
|
Batting: LHB Noel Young
|
0-0: Called Strike 0-1: Ball 1-1: Swinging Strike 1-2: Foul Ball, location: 2F 1-2: Ball 2-2: Foul Ball, location: 2F 2-2: Strikes out swinging
|
Batting: RHB Tommy Boudreaux
|
0-0: Ball 1-0: Foul Ball, location: 2F 1-1: Ball 2-1: Foul Ball, location: 2F 2-2: Ball 3-2: Strikes out looking
|
Top of the 4th over - 1 run, 1 hit, 0 errors, 0 left on base; Portland 7 - Trenton 1 |
BOTTOM OF THE 4TH |
Trenton Thunder batting - Pitching for Portland Sea Dogs : RHP Jon Olivo
|
Batting: RHB Jose Tovar
|
0-0: Foul Ball, location: 2F 0-1: Fly out, F7 (Flyball, 7, EV 89.4 MPH)
|
Batting: RHB Larry Martell
|
0-0: Ball 1-0: Called Strike 1-1: Called Strike 1-2: Ball 2-2: SINGLE (Groundball, 6MD, EV 94.4 MPH)
|
Batting: SHB David Stewart
|
0-0: Called Strike 0-1: Ball 1-1: Foul Ball, location: 2F 1-2: Foul Ball, location: 2F 1-2: Ball 2-2: Ball 3-2: SINGLE (Line Drive, 6MD, EV 105.6 MPH) Larry Martell to second
|
Batting: RHB Sam Hubbert
|
0-0: Ball 1-0: Ball 2-0: Called Strike 2-1: Fly out, F8 (Flyball, 8RM, EV 81.2 MPH)
|
Batting: RHB Dale Altman
|
0-0: Ball 1-0: Ball 2-0: Ball 3-0: Base on Balls Larry Martell to third David Stewart to second
|
Batting: RHB Javier Umanzor
|
0-0: Ball 1-0: Ball 2-0: SINGLE (Line Drive, 8RS, EV 112.5 MPH) Larry Martell scores David Stewart to third Dale Altman to second Runner from 3rd tries for Home, SAFE, throw by CF to home
|
Batting: RHB Roberto Tena
|
0-0: Called Strike 0-1: Ground out 1-3 (Groundball, 13S, EV 75.6 MPH)
|
Bottom of the 4th over - 2 runs, 3 hits, 0 errors, 2 left on base; Portland 7 - Trenton 3 |
TOP OF THE 5TH |
Portland Sea Dogs batting - Pitching for Trenton Thunder : RHP Jimmy Wilder
|
Batting: RHB Frank Sokolosky
|
0-0: TRIPLE (Flyball, 7LD, EV 102.5 MPH)
|
Batting: LHB Stanislav Parusov
|
0-0: Swinging Strike 0-1: Foul Ball, location: 2F 0-2: Ground out 4-3 (Groundball, 34D, EV 103.1 MPH) Frank Sokolosky scores
|
Batting: RHB Nick Cottrell
|
0-0: Swinging Strike 0-1: Swinging Strike 0-2: Strikes out swinging
|
Batting: LHB Julian Toney
|
0-0: Called Strike 0-1: Foul Ball, location: 2F 0-2: Ball 1-2: Ball 2-2: SINGLE (Line Drive, 6D, EV 96.2 MPH)
|
Pitching: LHP Josh Shaw
|
|
Batting: LHB John Buff
|
0-0: SINGLE (Groundball, 34, EV 102.5 MPH) (infield hit) Julian Toney to second
|
Batting: RHB Jose Diaz
|
0-0: Called Strike 0-1: SINGLE (Groundball, 56, EV 95.6 MPH) Julian Toney to third John Buff to second Throwing error, E7 Julian Toney scores John Buff to third Jose Diaz to second
|
Batting: LHB Jarrett Mordecai
|
0-0: Ball 1-0: Foul Ball, location: 2F 1-1: Ball 2-1: Ball 3-1: Foul Ball, location: 2F 3-2: Strikes out swinging
|
Top of the 5th over - 2 runs, 4 hits, 1 error, 2 left on base; Portland 9 - Trenton 3 |
BOTTOM OF THE 5TH |
Trenton Thunder batting - Pitching for Portland Sea Dogs : RHP Jon Olivo
|
Batting: RHB Tim Osborn
|
0-0: Ball 1-0: Called Strike 1-1: Ground out 5-3 (Groundball, 56D, EV 83.1 MPH)
|
Batting: LHB Bobby Upton
|
0-0: Called Strike 0-1: Ball 1-1: Called Strike 1-2: SINGLE (Groundball, 56S, EV 62.5 MPH) (infield hit)
|
Batting: RHB Jose Tovar
|
0-0: Called Strike 0-1: Ball Bobby Upton steals 2nd base 1-1: DOUBLE (Line Drive, 3D, EV 103.8 MPH) Bobby Upton scores
|
Batting: RHB Larry Martell
|
0-0: Ball 1-0: Called Strike 1-1: Ground out U3 (Groundball, 3, EV 86.2 MPH) Jose Tovar to third
|
Batting: SHB David Stewart
|
0-0: Ball 1-0: Ball 2-0: Ground out 5-3 (Groundball, 56, EV 90.0 MPH)
|
Bottom of the 5th over - 1 run, 2 hits, 0 errors, 1 left on base; Portland 9 - Trenton 4 |
TOP OF THE 6TH |
Portland Sea Dogs batting - Pitching for Trenton Thunder : LHP Josh Shaw
|
Batting: RHB Carlos Nolasco
|
0-0: Fly out, F9 (Flyball, 9, EV 91.9 MPH)
|
Batting: RHB Tommy Boudreaux
|
0-0: Ball 1-0: Called Strike 1-1: Ball 2-1: Fly out, F6 (Line Drive, 6, EV 68.8 MPH)
|
Batting: RHB Frank Sokolosky
|
0-0: Foul Ball, location: 2F 0-1: DOUBLE (Line Drive, 89M, EV 103.1 MPH)
|
Batting: LHB Stanislav Parusov
|
0-0: Ball 1-0: Ball 2-0: Called Strike 2-1: Ball 3-1: Swinging Strike 3-2: Foul Ball, location: 2F 3-2: Foul Ball, location: 2F 3-2: Foul Ball, location: 2F 3-2: SINGLE (Groundball, 6M, EV 96.2 MPH) Frank Sokolosky to third Runner from 3rd tries for Home, SAFE, throw by CF to home Stanislav Parusov to second
|
Batting: RHB Nick Cottrell
|
0-0: Ground out 4-3 (Groundball, 4S, EV 68.8 MPH)
|
Top of the 6th over - 1 run, 2 hits, 0 errors, 1 left on base; Portland 10 - Trenton 4 |
BOTTOM OF THE 6TH |
Trenton Thunder batting - Pitching for Portland Sea Dogs : RHP Jon Olivo
|
Batting: RHB Sam Hubbert
|
0-0: Called Strike 0-1: Ball 1-1: Swinging Strike 1-2: Ball 2-2: SINGLE (Line Drive, 34D, EV 100.0 MPH)
|
Batting: RHB Dale Altman
|
0-0: Ball 1-0: Grounds into double play, 5-4-3 (Groundball, 56, EV 104.4 MPH)
|
Batting: RHB Javier Umanzor
|
0-0: Fly out, F7 (Line Drive, 7D, EV 103.1 MPH)
|
Bottom of the 6th over - 0 runs, 1 hit, 0 errors, 0 left on base; Portland 10 - Trenton 4 |
TOP OF THE 7TH |
Portland Sea Dogs batting - Pitching for Trenton Thunder : LHP Josh Shaw
|
Batting: LHB Julian Toney
|
0-0: Ball 1-0: Swinging Strike 1-1: Ground out 4-3 (Groundball, 4M, EV 85.0 MPH)
|
Pitching: LHP George Grady
|
|
Batting: LHB John Buff
|
0-0: Swinging Strike 0-1: Foul Ball, location: 2F 0-2: Ball 1-2: Ground out 6-3 (Groundball, 6M, EV 90.0 MPH)
|
Batting: RHB Jose Diaz
|
0-0: Fly out, F7 (Flyball, 7D, EV 97.5 MPH)
|
Top of the 7th over - 0 runs, 0 hits, 0 errors, 0 left on base; Portland 10 - Trenton 4 |
BOTTOM OF THE 7TH |
Trenton Thunder batting - Pitching for Portland Sea Dogs : RHP Jon Olivo
|
Batting: RHB Roberto Tena
|
0-0: Called Strike 0-1: Foul Ball, location: 2F 0-2: Foul Ball, location: 2F 0-2: Ball 1-2: Fly out, F3 (Popup, 34S, EV 75.6 MPH)
|
Pitching: LHP Ken Intagliata
|
|
Batting: RHB Tim Osborn
|
0-0: Ball 1-0: Called Strike 1-1: Ball 2-1: Foul Ball, location: 2F 2-2: Strikes out swinging
|
Batting: LHB Bobby Upton
|
0-0: Ball 1-0: Called Strike 1-1: Ball 2-1: Swinging Strike 2-2: Strikes out looking
|
Bottom of the 7th over - 0 runs, 0 hits, 0 errors, 0 left on base; Portland 10 - Trenton 4 |
TOP OF THE 8TH |
Portland Sea Dogs batting - Pitching for Trenton Thunder : LHP George Grady
|
Batting: LHB Jarrett Mordecai
|
0-0: Ball 1-0: Ground out 5-3 (Groundball, 6, EV 80.0 MPH)
|
Batting: RHB Carlos Nolasco
|
0-0: Fly out, F9 (Flyball, 9D, EV 84.4 MPH)
|
Batting: RHB Tommy Boudreaux
|
0-0: Called Strike 0-1: Ground out 6-3 (Groundball, 6M, EV 96.2 MPH)
|
Top of the 8th over - 0 runs, 0 hits, 0 errors, 0 left on base; Portland 10 - Trenton 4 |
BOTTOM OF THE 8TH |
Trenton Thunder batting - Pitching for Portland Sea Dogs : LHP Ken Intagliata
|
Batting: RHB Jose Tovar
|
0-0: Called Strike 0-1: Ball 1-1: Fly out, F8 (Line Drive, 78D, EV 96.2 MPH)
|
Batting: RHB Larry Martell
|
0-0: Foul Ball, location: 2F 0-1: Foul Ball, location: 2F 0-2: Foul Ball, location: 2F 0-2: Ground out 5-3 (Groundball, 56, EV 104.4 MPH)
|
Batting: SHB David Stewart
|
0-0: Ball 1-0: Foul Ball, location: 2F 1-1: Swinging Strike 1-2: Foul Ball, location: 2F 1-2: Strikes out looking
|
Bottom of the 8th over - 0 runs, 0 hits, 0 errors, 0 left on base; Portland 10 - Trenton 4 |
TOP OF THE 9TH |
Portland Sea Dogs batting - Pitching for Trenton Thunder : LHP George Grady
|
Batting: RHB Frank Sokolosky
|
0-0: Foul Ball, location: 2F 0-1: Foul Ball, location: 2F 0-2: Fly out, F8 (Line Drive, 8RD, EV 86.9 MPH)
|
Batting: LHB Stanislav Parusov
|
0-0: Swinging Strike 0-1: Called Strike 0-2: Ball 1-2: Strikes out swinging
|
Batting: RHB Nick Cottrell
|
0-0: Ball 1-0: Ball 2-0: Foul Ball, location: 2F 2-1: Foul Ball, location: 2F 2-2: Foul Ball, location: 2F 2-2: Foul Ball, location: 2F 2-2: Foul Ball, location: 2F 2-2: Foul Ball, location: 2F 2-2: Strikes out swinging
|
Top of the 9th over - 0 runs, 0 hits, 0 errors, 0 left on base; Portland 10 - Trenton 4 |
BOTTOM OF THE 9TH |
Trenton Thunder batting - Pitching for Portland Sea Dogs : LHP Ken Intagliata
|
Batting: RHB Sam Hubbert
|
0-0: Called Strike 0-1: Fly out, F8 (Flyball, 8RXD, EV 95.6 MPH)
|
Batting: RHB Dale Altman
|
0-0: Ball 1-0: Swinging Strike 1-1: Ball 2-1: Swinging Strike 2-2: Strikes out looking
|
Batting: RHB Javier Umanzor
|
0-0: Ball 1-0: Swinging Strike 1-1: Called Strike 1-2: Strikes out swinging
|
Bottom of the 9th over - 0 runs, 0 hits, 0 errors, 0 left on base; Portland 10 - Trenton 4 |
|